Map: Eternal Empire LE

Players

TheZergLord

  • Race: Zerg Zerg
  • League: Grandmaster
  • Spawn Location: 1:00

Cham - Winner!

  • Race: Zerg Zerg
  • League: Grandmaster
  • Spawn Location: 7:00

Event: DreamHack SC2 Masters 2020 Fall

VOD

Have the link to the VOD?

Description

Time

  • Played on: Aug. 26, 2020, 3:47 p.m.
  • Length: 8:25

All games in this series

Show
View Real Time Build Order
Export as new Build Order

TheZergLord Zerg 

Build Orders: Hatch First, Zergling Baneling 

Get SALT Encoding   

  12  0:00  Drone  
  13  0:12  Overlord  
  13  0:17  Drone  
  14  0:30  Drone  
  14  0:31  Drone  
  16  0:48  Hatchery  
  15  0:52  Drone  
  15  0:55  Drone  
  17  0:59  Drone  
  18  1:09  Extractor  
  17  1:14  Spawning Pool  
  17  1:18  Drone  
  17  1:21  Drone  
  18  1:29  Drone  
  20  1:40  Drone  
  20  1:51  Drone  
  21  2:00  Overlord  
  21  2:01  Queen  
  21  2:02  Queen, Zergling x2  
  26  2:10  Metabolic Boost  
  26  2:11  Drone  
  26  2:12  Drone  
  28  2:23  Drone x2  
  30  2:35  Hatchery  
  29  2:40  Drone  
  30  2:44  Baneling Nest  
  30  2:48  Drone  
  30  2:49  Overlord  
  30  2:55  Zergling x4  
  30  2:57  Zergling x2  
  33  3:06  Zergling x4  
  33  3:12  Zergling x8  
  39  3:14  Zergling x2  
  40  3:21  Zergling x2  
  40  3:22  Overlord  
  42  3:27  Zergling x2  
  42  3:28  Baneling x2  
  42  3:34  Overlord  
  42  3:35  Zergling x2  
  42  3:41  Zergling x6  
  46  3:44  Baneling x2  
  46  3:45  Baneling x2  
  38  3:58  Zergling x4  
  38  3:59  Zergling x8  
  43  4:14  Zergling x8  
  43  4:15  Zergling x2  
  43  4:28  Queen, Zergling x4  
  43  4:30  Baneling x3  
  43  4:31  Baneling x2  
  44  4:33  Zergling x4  
  44  4:37  Zergling x2  
  44  4:55  Zergling x4  
  44  4:56  Zergling x10  
  46  5:09  Zergling x4  
  46  5:10  Zergling x10  
  52  5:16  Zergling x6  
  52  5:19  Baneling  
  52  5:20  Baneling x3  
  52  5:21  Baneling  
  54  5:23  Baneling  
  54  5:33  Zergling x6  
  54  5:34  Zergling x4  
  59  5:39  Zergling x4  
  48  5:54  Zergling x10  
  51  6:00  Zergling x2  
  51  6:01  Zergling x2  
  50  6:12  Zergling x2  
  50  6:13  Zergling x6  
  52  6:22  Drone x4  
  55  6:32  Baneling x6  
  53  6:40  Baneling x2  
  47  6:55  Zergling x10  
  47  6:56  Zergling x6  
  48  7:05  Zergling x8  
  47  7:26  Drone x2  
  49  7:30  Hatchery  
  49  7:33  Baneling x3  
  49  7:34  Baneling x3  
  39  7:53  Zergling x12  
  37  8:07  Zergling x8  
Show
View Real Time Build Order
Export as new Build Order

Cham Zerg - Winner!

Build Orders: Hatch First, Zergling Baneling 

Get SALT Encoding   

  12  0:00  Drone  
  13  0:08  Drone  
  14  0:16  Overlord  
  14  0:35  Drone x2  
  16  0:48  Hatchery  
  15  0:52  Drone  
  15  0:55  Drone  
  17  0:58  Drone  
  18  1:09  Extractor  
  17  1:13  Spawning Pool  
  17  1:17  Drone  
  17  1:20  Drone  
  18  1:29  Drone  
  19  1:40  Drone  
  20  1:54  Overlord  
  20  1:59  Queen  
  20  2:00  Queen, Zergling x2  
  25  2:02  Drone  
  26  2:11  Drone  
  26  2:12  Metabolic Boost  
  26  2:14  Drone  
  28  2:23  Drone  
  28  2:24  Drone  
  30  2:35  Hatchery  
  29  2:42  Baneling Nest  
  28  2:45  Overlord  
  28  2:49  Drone  
  28  2:51  Drone  
  30  2:54  Zergling x2  
  30  2:56  Zergling x2  
  32  2:58  Zergling x2  
  32  3:05  Drone x2  
  34  3:11  Drone  
  34  3:12  Drone x2  
  38  3:15  Overlord  
  38  3:18  Drone  
  39  3:28  Evolution Chamber, Overlord  
  39  3:31  Drone  
  39  3:33  Drone x2  
  41  3:35  Baneling x2  
  41  3:39  Baneling x2  
  41  3:43  Zergling x6  
  41  3:46  Zergling x2  
  43  3:56  Zergling x2  
  43  3:57  Zergling x8  
  43  4:02  Baneling x2  
  47  4:04  Baneling  
  47  4:12  Zergling x4  
  47  4:13  Zergling x2  
  47  4:16  Baneling x2  
  48  4:17  Zergling x2  
  48  4:18  Baneling  
  48  4:20  Zergling x4  
  48  4:22  Zergling x4  
  50  4:25  Zergling x2  
  50  4:27  Drone  
  50  4:29  Drone x4  
  50  4:30  Queen  
  55  4:36  Roach Warren  
  54  4:42  Drone x2  
  55  4:46  Zergling x6  
  55  4:47  Baneling x2  
  55  4:51  Drone  
  59  4:56  Baneling x2  
  59  4:59  Baneling, Zergling x2  
  55  5:10  Zergling x4  
  55  5:13  Queen x3  
  60  5:14  Baneling  
  60  5:15  Baneling  
  60  5:19  Zergling x6  
  60  5:23  Zergling x6  
  60  5:27  Overlord  
  60  5:28  Extractor, Zergling x2  
  62  5:31  Zergling x4  
  60  5:46  Zergling x6  
  60  5:48  Queen  
  60  5:49  Zergling x2  
  63  5:50  Zergling x10  
  57  5:57  Baneling x2  
  57  5:59  Zergling x2  
  57  6:00  Queen  
  57  6:02  Zergling x2  
  62  6:07  Zergling x6  
  62  6:10  Baneling x3  
  59  6:12  Zergling x2  
  59  6:14  Zergling x4  
  59  6:16  Zergling x2  
  62  6:25  Zergling x2  
  60  6:28  Zergling x4  
  60  6:31  Hatchery  
  61  6:35  Zergling x4  
  61  6:36  Zergling x4  
  61  6:37  Zergling x2  
  61  6:38  Baneling  
  61  6:39  Zergling x2, Baneling  
  66  6:43  Baneling  
  65  6:51  Zergling x2  
  65  6:52  Zergling x2  
  64  6:57  Baneling  
  64  6:59  Baneling  
  60  7:02  Zergling x2  
  60  7:04  Zergling x2  
  60  7:07  Zergling x4  
  61  7:08  Zergling x2  
  61  7:10  Zergling x4  
  61  7:13  Zergling x4  
  61  7:14  Baneling  
  64  7:16  Zergling x2  
  64  7:21  Zergling x2  
  65  7:29  Baneling x2  
  64  7:30  Zergling x4  
  64  7:33  Zergling x4  
  68  7:43  Baneling  
  68  7:49  Zergling x2  
  68  7:50  Zergling x6  
  69  7:52  Baneling  
  69  7:53  Zergling x2  
  66  8:03  Zergling x4  
  66  8:09  Evolution Chamber  

Tags
 
Add a new tag
Caveats
  • Supply blocks, unpowered buildings, or Contaminate may cause inaccurate times.
  • Supply counts are checked every 10 seconds.